 Dungeon Crawl Stone Soup version 0.32-a0-933-ga8fa3634e4 (webtiles) character file.

Game seed: 8386670663156227848

607489 DrKenneth the Conqueror (level 26, -19/266 HPs)
             Began as a Minotaur Fighter on Apr 12, 2024.
             Was the Champion of Makhleb.
             Killed from afar by an orb of fire (35 damage)
             ... with a fireball
             ... on level 5 of the Realm of Zot on Apr 15, 2024.
             The game lasted 05:45:59 (65451 turns).

DrKenneth the Conqueror (Minotaur Fighter)         Turns: 65451, Time: 05:46:02

Health: -19/266    AC: 56    Str: 41      XL:     26   Next: 66%
Magic:  36/36      EV: 13    Int:  5      God:    Makhleb [******]
Gold:   7361       SH: 15    Dex: 17 (19) Spells: 25/25 levels left

rFire   . . .        q - +7 broad axe of Guilt {spect, Will+ Stlth+}
rCold   + . .        k - +0 buckler of Whack-A-Mole {rElec Str+6}
rNeg    . . .        J - +17 plate armour of Liberty {Dex+6}
rPois   +            Q - +4 hat of Modesty {rElec rPois rF- SInv}
rElec   +            D - +1 cloak "Rewnuc" {rPois Str+5}
rCorr   +            h - +0 pair of gloves
SInv    +            b - +2 pair of boots
Will    ++...        B - amulet "Hegiha" {Reflect Rampage Regen+ SH+5} Stlth
                     a - ring "Najalih" {rPois rCorr AC+4 Dex+2}
HPRegen 1.44/turn    O - ring of protection from fire
MPRegen 0.25/turn

%: reflection, rampage
@: resistant, studying Maces & Flails
A: horns 2, retaliatory headbutt, deterioration 1, weak 1, heat vulnerability 1
}: 3/15 runes: barnacled, silver, gossamer
a: Renounce Religion, Minor Destruction, Lesser Servant of Makhleb, Major
Destruction, Greater Servant of Makhleb


You were on level 5 of the Realm of Zot.
You worshipped Makhleb.
Makhleb was exalted by your worship.
You visited 10 branches of the dungeon, and saw 48 of its levels.
You also visited: Ossuary, Ice Cave, Volcano and Wizlab.

You collected 8960 gold pieces.
You spent 1599 gold pieces at shops.

Inventory:

Hand Weapons
 f - a +2 executioner's axe of flaming
 i - a +6 dire flail of venom
 q - the +7 broad axe of Guilt (weapon) {spect, Will+ Stlth+}
   (You took it off a yaktaur captain on level 12 of the Dungeon)

   Will+:     It increases your willpower.
   Stlth+:    It makes you more stealthy.
Missiles
 F - 7 throwing nets (quivered)
Armour
 b - a +2 pair of boots (worn)
 h - a +0 pair of gloves (worn)
 k - the +0 buckler of Whack-A-Mole (worn) {rElec Str+6}
   (You found it on level 2 of the Shoals)

   Str+6:     It affects your strength (+6).
   rElec:     It insulates you from electricity.
 C - the +7 plate armour "Gothry" {Int+5}
   (You found it on level 8 of the Dungeon)

   Int+5:     It affects your intelligence (+5).
 D - the +1 cloak "Rewnuc" (worn) {rPois Str+5}
   (You bought it in a shop on level 1 of the Dungeon)

   Str+5:     It affects your strength (+5).
   rPois:     It protects you from poison.
 J - the +17 plate armour of Liberty (worn) {Dex+6}
   (You found it on level 5 of the Vaults)

   Dex+6:     It affects your dexterity (+6).
 Q - the +4 hat of Modesty (worn) {rElec rPois rF- SInv}
   (You found it on level 4 of the Shoals)

   rF-:       It makes you vulnerable to fire.
   rElec:     It insulates you from electricity.
   rPois:     It protects you from poison.
   SInv:      It lets you see invisible.
Jewellery
 a - the ring "Najalih" (left hand) {rPois rCorr AC+4 Dex+2}
   (You found it on level 3 of the Depths)

   [ring of protection]

   AC+4:      It affects your AC (+4).
   Dex+2:     It affects your dexterity (+2).
   rPois:     It protects you from poison.
   rCorr:     It protects you from acid and corrosion.
 m - a +6 ring of intelligence
 o - a +5 ring of evasion
 p - the ring of Tender Moments {Ice ^Contam Int+5}
   (You took it off Josephina on level 2 of the Realm of Zot)

   [ring of ice]

   Ice:       It enhances your ice magic.
   Int+5:     It affects your intelligence (+5).
   rF-:       It makes you vulnerable to fire.
   rC+:       It protects you from cold.
   ^Contam:   It causes magical contamination when unequipped.
 w - an amulet of reflection
 B - the amulet "Hegiha" (around neck) {Reflect Rampage Regen+ SH+5}
   (You bought it in a shop on level 4 of the Dungeon)

   [amulet of reflection]

   Reflect:   It reflects blocked missile attacks.
   Regen+:    It increases your rate of health regeneration.
   SH+5:      It affects your SH (+5).
   Rampage:   It bestows one free step when moving towards enemies.
 E - a ring of flight
 H - a ring of poison resistance
 O - a ring of protection from fire (right hand)
 S - a +4 ring of protection
 T - a +6 ring of intelligence
 X - a ring of see invisible
Wands
 K - a wand of polymorph (5)
Scrolls
 c - a scroll of revelation
 e - 5 scrolls of immolation
 j - 13 scrolls of teleportation
 t - 13 scrolls of fog
 y - 4 scrolls of torment
 z - 2 scrolls of silence
 I - 11 scrolls of poison
 N - 11 scrolls of vulnerability
 P - 3 scrolls of fear
 R - 3 scrolls of enchant armour
 V - 6 scrolls of enchant weapon
 W - 25 scrolls of identify
 Y - 4 scrolls of brand weapon
Potions
 d - 9 potions of might
 g - 5 potions of resistance
 n - 9 potions of mutation
 r - 11 potions of haste
 s - 10 potions of attraction
 u - 11 potions of lignification
 x - 4 potions of invisibility
 A - 5 potions of berserk rage
 G - 7 potions of cancellation
 L - a potion of magic
 M - 11 potions of curing
 U - 6 potions of ambrosia
 Z - 7 potions of enlightenment


   Skills:
 O Level 27 Fighting
 + Level 24.3(25.1) Axes
 - Level 11.3(19.2) Maces & Flails
 O Level 27 Armour
 + Level 8.5 Dodging
 + Level 23.5 Shields
 + Level 21.1 Invocations


You had 25 spell levels left.
You didn't know any spells.
Your spell library contained the following spells:

 Spells                   Type           Power      Damage    Failure   Level
 Kiss of Death            Conj/Necr      0%         2d5       75%         1
 Sandblast                Erth           0%         2d4       75%         1
 Shock                    Conj/Air       0%         1d3       75%         1
 Slow                     Hex            0%         N/A       75%         1
 Sting                    Conj/Alch      0%         1d3       75%         1
 Summon Small Mammal      Summ           0%         N/A       75%         1
 Cigotuvi's Dreadful Rot  Necr/Alch/Air  0%         N/A       86%         2
 Ensorcelled Hibernation  Hex/Ice        0%         N/A       86%         2
 Jinxbite                 Hex            0%         N/A       86%         2
 Mercury Vapours          Alch/Air       0%         N/A       86%         2
 Searing Ray              Conj           0%         2d4       86%         2
 Sublimation of Blood     Necr           0%         N/A       86%         2
 Call Canine Familiar     Summ           0%         N/A       98%         3
 Confusing Touch          Hex            0%         N/A       98%         3
 Fugue of the Fallen      Necr           0%         N/A       98%         3
 Hailstorm                Conj/Ice       0%         3d5       98%         3
 Inner Flame              Hex/Fire       0%         N/A       98%         3
 Maxwell's Portable Pile  Tloc           0%         2d(5-13)  98%         3
 Mephitic Cloud           Conj/Alch/Air  0%         N/A       98%         3
 Passwall                 Erth           0%         N/A       98%         3
 Stone Arrow              Conj/Erth      0%         3d7       98%         3
 Summon Ice Beast         Ice/Summ       0%         N/A       98%         3
 Swiftness                Air            0%         N/A       98%         3
 Tukima's Dance           Hex            0%         N/A       98%         3
 Vampiric Draining        Necr           0%         2d6       98%         3
 Volatile Blastmotes      Fire/Tloc      0%         2d10      98%         3
 Airstrike                Air            0%         2d(0-16)  100%        4
 Anguish                  Hex/Necr       0%         N/A       100%        4
 Brom's Barrelling Bould  Conj/Erth      0%         2d3       100%        4
 Cause Fear               Hex            0%         N/A       100%        4
 Dimensional Bullseye     Hex/Tloc       0%         N/A       100%        4
 Dispel Undead            Necr           0%         3d6       100%        4
 Flame Wave               Conj/Fire      0%         2d4       100%        4
 Fulminant Prism          Conj/Alch      0%         3d5       100%        4
 Ignite Poison            Fire/Alch      0%         N/A       100%        4
 Iskenderun's Mystic Bla Conj/Tloc 0%             2d3        (+2d1     100%        4
 Leda's Liquefaction      Alch/Erth      0%         N/A       100%        4
 Olgreb's Toxic Radiance  Alch           0%         N/A       100%        4
 Petrify                  Alch/Erth      0%         N/A       100%        4
 Sticky Flame             Fire/Alch      0%         2d4       100%        4
 Summon Blazeheart Golem  Fire/Summ      0%         N/A       100%        4
 Arcjolt                  Conj/Air       0%         1d10      100%        5
 Fireball                 Conj/Fire      0%         3d3       100%        5
 Freezing Cloud           Conj/Ice/Air   0%         6-21      100%        5
 Irradiate                Conj/Alch      0%         3d11      100%        5
 Iskenderun's Battlesphe  Conj           0%         2d6       100%        5
 Metabolic Englaciation   Hex/Ice        0%         N/A       100%        5
 Summon Forest            Summ/Tloc      0%         N/A       100%        5
 Yara's Violent Unravell  Hex/Alch       0%         3d3       100%        5
 Bombard                  Conj/Erth      0%         9d1       100%        6
 Conjure Ball Lightning   Conj/Air       0%         3x3d6     100%        6
 Eringya's Noxious Bog    Alch           0%         4d6       100%        6
 Permafrost Eruption      Ice/Erth       0%         2x4d1     100%        6
 Sculpt Simulacrum        Ice/Alch       0%         N/A       100%        6
 Enfeeble                 Hex            0%         N/A       100%        7
 Orb of Destruction       Conj           0%         9d5       100%        7
 Ozocubu's Refrigeration  Ice            0%         4d7       100%        7
 Spellforged Servitor     Conj/Summ      0%         N/A       100%        7
 Summon Hydra             Summ           0%         N/A       100%        7
 Discord                  Hex            0%         N/A       100%        8
 Maxwell's Capacitive Co  Air            0%         ∞         100%        8
 Dragon's Call            Summ           0%         N/A       100%        9


Dungeon Overview and Level Annotations

Branches:
Dungeon (15/15)            Temple (1/1) D:4            Lair (5/5) D:10
 Shoals (4/4) Lair:3       Spider (4/4) Lair:3        Slime (0/5) Lair:4
    Orc (2/2) D:11            Elf (0/3) Orc:2        Vaults (5/5) D:13
  Crypt (3/3) Vaults:3       Tomb (0/3) Crypt:3      Depths (4/4) D:15
    Zot (5/5) Depths:4    Ossuary (visited)           IceCv (visited)
Volcano (visited)          WizLab (visited)

Altars:
Ashenzari
Cheibriados
Dithmenos
Elyvilon
Fedhas
Gozag
Hepliaklqana
Kikubaaqudgha
Makhleb
Nemelex Xobeh
Okawaru
Qazlal
Ru
Sif Muna
Trog
Uskayaw
Vehumet
Wu Jian
Xom
Yredelemnul
Zin
The Shining One
Beogh
Jiyva
Lugonu

Shops:
D:1 [*?:[   D:2 =   D:4 =   Orc:1 *   Orc:2 *(([=   Vaults:4 !   Zot:5 *

Portals:
Hell: Depths:1 Depths:2 Depths:3 Depths:4
Abyss: Lair:5 Depths:3
Pandemonium: Depths:2
Ziggurat: Depths:2
Trove: Depths:4 (give 6 potions of haste)

Annotations:
D:10 exclusion: ice statue
D:15 4 transporters
Lair:1 1 runed translucent door, avangion's ghost, journeyman CoHu
Shoals:2 3 runed translucent doors, Duttonia's ghost, journeyman MeWn; avangion's ghost, adept CoHu
Orc:1 1 runed translucent door


Innate Abilities, Weirdness & Mutations

You have a pair of horns on your head.
You reflexively headbutt those who attack you in melee.
Your body sometimes deteriorates upon taking damage.
You are weak. (Str -2)
You are vulnerable to heat. (rF-)


Message History

The green draconian monk kicks your +7 broad axe of Guilt {spect, Will+ Stlth+}.
Your spectral weapon shares its damage with you!
The green draconian monk tail-slaps your +7 broad axe of Guilt {spect, Will+ Stlth+}!
Your spectral weapon shares its damage with you!
Your +7 broad axe of Guilt {spect, Will+ Stlth+} disappears.
You completely miss the orb of fire. Your headbutt misses the orb of fire.
The orb of fire is severely damaged.
Your +7 broad axe of Guilt {spect, Will+ Stlth+} closely misses the orb of fire.
Your +7 broad axe of Guilt {spect, Will+ Stlth+} hits the green draconian monk.
You are engulfed in blazing flames.
The green draconian monk hits your +7 broad axe of Guilt {spect, Will+ Stlth+}!!
Your spectral weapon shares its damage with you!
Your +7 broad axe of Guilt {spect, Will+ Stlth+} disappears.
The orb of fire glows deep purple.
The bolt of fire hits you!!!!
* * * LOW HITPOINT WARNING * * *
You miss the orb of fire.
The orb of fire is severely damaged.
Your +7 broad axe of Guilt {spect, Will+ Stlth+} closely misses the orb of fire.
Your +7 broad axe of Guilt {spect, Will+ Stlth+} closely misses the green draconian monk.
You are engulfed in blazing flames.
* * * LOW HITPOINT WARNING * * *
Your +7 broad axe of Guilt {spect, Will+ Stlth+} disappears.
You are engulfed in blazing flames.
The orb of fire emits a lurid red light.
The bolt of fire hits you!!!
* * * LOW HITPOINT WARNING * * *
Your body deteriorates!
You feel clumsy.
The storm dragon breathes lightning at you.
The bolt of lightning hits the orb of fire.
The orb of fire completely resists.
The bolt of lightning misses you.
You hear a chilling moan.
You hear a roar!
You climb downwards.
There is a stone staircase leading up here.
You slice the orb of fire!! Your headbutt misses the orb of fire.
The orb of fire is almost destroyed.
Your +7 broad axe of Guilt {spect, Will+ Stlth+} hits the orb of fire but does no damage.
The orb of fire glows bright magenta.
The fireball explodes!
The fireball engulfs you!!
You die...

####..# #.....#
#.....####
#........#
##.......)#
#.........#
#.........#
########.......*(#
................@###
...................#
##...#.....#######.#
...........#§§§§§#.#
...........#§...§#.#
..........^#§.∩.§#.#
.........⌠.#§...§#.#
...........#§...§#.#
###..#####.###.###.#


You could see an orb of fire and a friendly +7 broad axe of Guilt {spect, Will+
Stlth+}.

Vanquished Creatures
  Frederick (Crypt:3)
  2 dread liches (Crypt:3)
  2 ancient liches
  An orb of fire (Zot:4)
  A juggernaut (Depths:2)
  2 juggernauts (shapeshifter) (Zot:3)
  Sojobo (Depths:1)
  Josephina (Zot:2)
  2 Killer Klowns
  Boris (Vaults:5)
  Parghit (Zot:2)
  A curse toe (Zot:4)
  Norris (Depths:3)
  Arachne (Spider:3)
  8 golden dragons
  3 electric golems
  16 tentacled monstrosities
  11 liches
  A titan (shapeshifter) (Zot:3)
  3 deep elf master archers (WizLab)
  7 sphinxes
  6 titans
  A walking divine tome (Depths:3)
  12 quicksilver dragons
  A kraken (Shoals:2)
  2 ancient champions (Crypt:1)
  7 death cobs
  Polyphemus (Shoals:3)
  5 storm dragons
  A thorn hunter (WizLab)
  9 shadow dragons
  Kirke (D:13)
  Aizul (Vaults:2)
  3 fenstrider witches (WizLab)
  8 draconian knights
  A revenant (Crypt:2)
  2 tengu reavers (Depths:1)
  9 draconian monks
  15 protean progenitors
  5 draconian shifters
  10 fire giants
  2 deep elf sorcerers
  Ilsuiw (Shoals:2)
  13 vault wardens
  13 frost giants
  An iron dragon (Vaults:5)
  4 emperor scorpions
  2 balrugs (Crypt:3)
  8 ghost moths
  A caustic shrike zombie (Crypt:2)
  9 draconian scorchers
  3 curse skulls
  7 ghouls
  17 ironbound preservers
  3 draconian annihilators
  2 orc warlords
  4 draconian stormcallers
  3 spriggan defenders (Depths:2)
  A stone giant (shapeshifter) (Zot:3)
  6 ironbound thunderhulks
  10 very ugly things
  A broodmother (Spider:2)
  A very ugly thing (shapeshifter) (Zot:3)
  7 formless jellyfish
  27 stone giants
  2 caustic shrike skeletons (Crypt:2)
  3 eleionomae (WizLab)
  3 deep elf death magi
  5 vampire knights
  10 black draconians
  2 bunyips (Zot:3)
  6 green draconians
  6 red draconians
  6 white draconians
  14 yellow draconians
  8 war gargoyles
  2 deep elf annihilators (Vaults:5)
  8 dire elephants
  32 purple draconians
  4 spark wasps
  6 eidola
  An acid blob zombie (Crypt:2)
  15 merfolk impalers
  3 merfolk javelineers
  A crystal guardian (Vaults:4)
  A shambling mangrove (WizLab)
  19 ettins
  12 jiangshi
  7 entropy weavers
  A blizzard demon (Depths:2)
  14 yaktaur captains
  A deep elf high priest (Vaults:5)
  Harold (D:9)
  5 rakshasas
  8 great orbs of eyes
  39 vault guards
  15 fire dragons
  A spriggan zombie (Crypt:3)
  A merfolk avatar (Shoals:1)
  10 ice dragons
  6 hydras
  12 two-headed ogres
  2 alligators (Zot:3)
  4 peacekeepers
  4 radroaches
  A two-headed ogre (shapeshifter) (Vaults:5)
  Erica (D:10)
  7 boulder beetles
  A catoblepas (Shoals:2)
  A dancing weapon (Vaults:5)
  3 death knights
  3 spriggan air magi
  9 ironbound frosthearts
  6 satyrs
  2 jorogumos (Zot:2)
  8 merfolk aquamancers
  2 deep troll shamans
  10 vampire magi
  7 death scarabs (Spider:4)
  12 centaur warriors
  3 naga sharpshooters (WizLab)
  15 death yaks
  8 demonic crawlers
  A shock serpent (shapeshifter) (Depths:3)
  4 spriggan berserkers
  A thrashing horror (Lair:5)
  7 deep troll earth magi
  3 tengu warriors
  2 occultists
  7 hell knights
  3 shock serpents (Zot:3)
  5 skeletal warriors
  7 iron trolls
  A storm dragon zombie (Crypt:1)
  A soul eater (Depths:2)
  6 pharaoh ants
  A storm dragon skeleton (Depths:1)
  9 skysharks
  2 deep elf archers
  2 deep elf knights (Shoals:2)
  9 flayed ghosts
  19 sea snakes
  3 shadow wraiths
  4 orb spiders
  An anaconda zombie (Crypt:1)
  56 deep trolls
  2 quicksilver dragon simulacra
  2 bog bodies (Crypt:2)
  A shadow demon (Depths:2)
  An obsidian statue (Volcano)
  A spriggan simulacrum (Crypt:1)
  9 arcanists
  11 ironbound convokers
  2 wolf spider zombies (Spider:4)
  17 lindwurms
  6 deep elf pyromancers
  4 deep elf zephyrmancers
  2 spectral wolf spiders (Spider:4)
  12 steelbarb worms
  4 large abominations (Lair:5)
  4 orc knights
  17 phantasmal warriors
  A frost giant zombie (Crypt:1)
  7 necromancers
  3 shining eyes (Zot:2)
  2 anaconda skeletons (Crypt:2)
  A sphinx simulacrum (Depths:1)
  16 harpies
  A shining eye (shapeshifter) (Vaults:5)
  An iron dragon zombie (Crypt:3)
  21 wolf spiders
  23 fauns
  42 ugly things
  3 oklob plants (WizLab)
  17 manticores
  3 salamanders (Depths:2)
  5 orc sorcerers
  9 cyclopes
  30 moths of wrath
  A guardian serpent (shapeshifter) (D:14)
  12 merfolk sirens
  2 dire elephant zombies
  17 elephants
  A black mamba (shapeshifter) (D:12)
  15 vault sentinels
  An elephant (shapeshifter) (Lair:5)
  A black mamba (Lair:1)
  5 water nymphs
  2 kobold blastminers (Orc:2)
  9 smoke demons
  3 torpor snails
  5 meliai
  18 cane toads
  5 gargoyles
  12 rime drakes
  2 unseen horrors
  Maggie (Lair:2)
  2 dire elephant skeletons
  46 yaktaurs
  4 efreet (Zot:2)
  6 freezing wraiths
  A redback zombie (Spider:4)
  16 komodo dragons
  3 spectral redbacks (Spider:4)
  4 red devils (Volcano)
  A green draconian skeleton (Crypt:1)
  A harpy zombie (Crypt:1)
  A yellow draconian skeleton (Crypt:1)
  10 polar bears
  13 tarantellas
  5 wind drakes
  A shadow dragon simulacrum (Zot:2)
  26 merfolk
  A spectral culicivora (Spider:4)
  3 spectral tarantellas (Spider:4)
  6 hornets
  9 trolls
  3 spectral jumping spiders (Spider:4)
  A tarantella (shapeshifter) (D:14)
  25 jumping spiders
  A glass eye (Depths:4)
  A glass eye (shapeshifter) (Depths:3)
  A tarantella zombie (Spider:4)
  A harpy skeleton (Crypt:3)
  7 snapping turtles
  18 blink frogs
  A culicivora zombie (Spider:4)
  An ettin zombie (Crypt:2)
  2 jumping spider zombies (Spider:4)
  15 dream sheep
  39 slime creatures
  A centaur simulacrum (D:12)
  21 culicivoras
  10 spriggans
  An ettin skeleton (Crypt:3)
  7 vampires (Crypt:3)
  69 yaks
  5 shadows
  7 small abominations (Lair:5)
  3 wyverns
  A wyvern (shapeshifter) (D:13)
  15 wraiths
  18 water elementals
  2 ynoxinuls (Lair:5)
  A fire elemental (Depths:2)
  3 fire bats (Volcano)
  7 hogs (D:13)
  Eustachio (D:5)
  7 vampire mosquitoes
  A chaos spawn (Lair:5)
  A steam dragon (D:10)
  47 redbacks
  3 wargs (Orc:2)
  3 nagas (Zot:3)
  12 basilisks
  3 swamp worms (Zot:1)
  A harpy simulacrum (Crypt:2)
  A glowing shapeshifter zombie (Depths:1)
  6 hydra simulacra (Depths:2)
  3 acid dragons
  A naga skeleton (Crypt:3)
  Duvessa (D:5)
  3 ice beasts
  17 water moccasins
  35 orc warriors
  2 black bears (D:10)
  2 moth of wrath simulacra (Zot:2)
  6 ogres
  A hornet zombie (Crypt:1)
  8 laughing skulls (Crypt:3)
  24 wolves
  11 centaurs
  2 weeping skulls (Ossuary)
  A kobold brigand (D:6)
  11 bullfrogs
  An elf zombie (Ossuary)
  A gnoll sergeant (D:10)
  A scorpion (D:5)
  A yaktaur skeleton (Crypt:2)
  9 wights
  Dowan (D:5)
  8 electric eels
  A howler monkey (D:12)
  A bombardier beetle (D:6)
  3 lava snakes (Volcano)
  3 centaur zombies
  19 orc priests
  3 hounds
  7 jellies
  2 gnoll boudas
  Terence (D:3)
  A human skeleton (Crypt:2)
  Natasha (thrice) (D:2)
  4 iguanas
  24 orc wizards
  An ogre skeleton (Crypt:2)
  5 mummies (Ossuary)
  4 adders
  17 gnolls
  2 shadow imps
  3 white imps
  2 ufetubi (D:6)
  An iguana zombie (Crypt:1)
  3 dart slugs
  4 ribbon worms
  64 orcs
  2 ball pythons
  5 endoplasms
  A giant cockroach (D:4)
  6 goblins
  2 hobgoblins
  3 jackals (D:2)
  10 kobolds
  2 quokkas (D:1)
  3 bats
  A frilled lizard (D:2)
  3 gnoll zombies (Ossuary)
  A goblin zombie (Crypt:1)
  A jackal skeleton (Crypt:1)
  2 kobold zombies (Ossuary)
  An orc zombie (Ossuary)
  2 rats
  7 aspiring fleshes
  A butterfly (D:3)
  A tentacle (Shoals:2)
2172 creatures vanquished.

Vanquished Creatures (collateral kills)
  A juggernaut (Depths:1)
  A golden dragon (Zot:4)
  Mlioglotl (Spider:1)
  A frost giant (Depths:1)
  A red draconian (Zot:4)
  A purple draconian (Zot:2)
  A fire dragon (Depths:3)
  An ice dragon (Depths:3)
  A satyr (WizLab)
  2 hell knights (Depths:1)
  2 deep trolls (Depths:1)
  An ugly thing (D:15)
  A moth of wrath (Zot:5)
  2 elephants (Lair:3)
  A meliai (D:15)
  A cane toad (Lair:5)
  A raiju (Lair:5)
  A blink frog (Lair:5)
  A glass eye (Depths:3)
  A spriggan (Lair:5)
  4 yaks
  A basilisk (Lair:5)
  A water moccasin (Lair:5)
29 creatures vanquished.

Vanquished Creatures (others)
  A draconian knight (Zot:3)
  A ghost moth (Zot:2)
  A draconian scorcher (Zot:4)
  A manticore (Shoals:1)
  A moth of wrath (Zot:2)
  A golden dragon simulacrum (Zot:2)
  A water elemental (D:13)
  2 gnolls (D:10)
  160 spectral weapons
  7 tentacles (Shoals:2)
176 creatures vanquished.

Grand Total: 2377 creatures vanquished

Notes
Turn   | Place    | Note
-------+----------+-------------------------------------------
     0 | D:1      | DrKenneth the Minotaur Fighter began the quest for the Orb.
     0 | D:1      | Reached XP level 1. HP: 19/19 MP: 0/0
    27 | D:1      | Found Ceer's General Store.
    96 | D:1      | Found Giallil's Magic Scroll Boutique.
   186 | D:1      | Found Sarirgh's Antique Armour Boutique.
   262 | D:1      | Reached XP level 2. HP: 23/27 MP: 1/1
   507 | D:1      | Found Gufiese's Book Shoppe.
   587 | D:1      | Found Neasifoh's Armour Shoppe.
   937 | D:2      | Noticed Natasha
   944 | D:2      | Killed Natasha
   945 | D:2      | Reached XP level 3. HP: 14/33 MP: 2/2
  1097 | D:2      | Found a basalt altar of Yredelemnul.
  1146 | D:2      | Found Unethag's Jewellery Shoppe.
  1190 | D:2      | Noticed Natasha
  1196 | D:2      | Killed Natasha
  1197 | D:2      | Reached XP level 4. HP: 29/41 MP: 3/3
  1304 | D:2      | Noticed Natasha
  1316 | D:2      | Killed Natasha
  1489 | D:3      | Found a shimmering altar of Xom.
  1673 | D:3      | Reached XP level 5. HP: 38/47 MP: 4/4
  1677 | D:3      | Found a radiant altar of Vehumet.
  1748 | D:3      | Noticed Terence
  1756 | D:3      | Killed Terence
  2012 | D:4      | Found a staircase to the Ecumenical Temple.
  2037 | D:4      | Reached skill level 5 in Fighting
  2057 | D:4      | Reached skill level 5 in Armour
  2057 | D:4      | Reached skill level 5 in Shields
  2114 | D:4      | Reached XP level 6. HP: 45/56 MP: 5/5
  2144 | Temple   | Entered the Ecumenical Temple
  2476 | D:4      | Noticed a water moccasin
  2483 | D:4      | Killed a water moccasin
  2577 | D:4      | Found Wukluic's Jewellery Emporium.
  2627 | D:4      | Noticed an ice beast
  2639 | D:4      | Killed an ice beast
  2640 | D:4      | Reached skill level 5 in Axes
  2640 | D:4      | Reached XP level 7. HP: 29/62 MP: 6/6
  2769 | D:4      | Found a sparkling altar of Nemelex Xobeh.
  2991 | D:5      | Entered Level 5 of the Dungeon
  3034 | D:5      | Found a glowing silver altar of Zin.
  3153 | D:5      | Noticed Duvessa
  3153 | D:5      | Noticed Dowan
  3162 | D:5      | Killed Dowan
  3163 | D:5      | Killed Duvessa
  3441 | D:5      | Reached XP level 8. HP: 13/71 MP: 7/7
  4185 | D:5      | Noticed Eustachio
  4191 | D:5      | Killed Eustachio
  4967 | D:6      | Found a sand-covered staircase.
  4973 | Ossuary  | Entered an ossuary
  5602 | D:6      | Reached XP level 9. HP: 66/81 MP: 8/8
  5716 | D:6      | Found a faded altar of an unknown god.
  5716 | D:6      | Found a shadowy altar of Dithmenos.
  5730 | D:6      | Found a faded altar of an unknown god.
  5732 | D:6      | Found an ornate altar of the Wu Jian Council.
  5734 | D:6      | Found a hazy altar of Hepliaklqana.
  7677 | D:8      | Identified the +7 plate armour "Gothry" {Int+5}
  8054 | D:1      | Bought the +1 cloak "Rewnuc" {rPois Str+5} for 374 gold
                  | pieces
  8471 | D:8      | Noticed a two-headed ogre
  8478 | D:8      | Killed a two-headed ogre
  8845 | D:9      | Reached skill level 10 in Fighting
  8912 | D:9      | Reached skill level 10 in Armour
  8951 | D:9      | Reached XP level 10. HP: 94/94 MP: 9/9
  9113 | D:9      | Noticed a two-headed ogre
  9119 | D:9      | Killed a two-headed ogre
  9162 | D:9      | Found an iron altar of Okawaru.
  9187 | D:9      | Found a shimmering blue altar of Sif Muna.
  9189 | D:9      | Found a glowing golden altar of the Shining One.
  9459 | D:9      | Noticed Harold
  9468 | D:9      | Killed Harold
  9558 | D:10     | Entered Level 10 of the Dungeon
  9700 | D:10     | Found a sacrificial altar of Ru.
 10035 | D:10     | Noticed an ice statue
 10096 | D:10     | Noticed a cane toad
 10097 | D:10     | Found a staircase to the Lair.
 10098 | D:10     | Noticed a cane toad
 10103 | D:10     | Killed a cane toad
 10105 | D:10     | Killed a cane toad
 10106 | D:10     | Reached XP level 11. HP: 101/106 MP: 10/10
 10281 | D:10     | Noticed Erica
 10295 | D:10     | HP: 5/107 [something (2)]
 10297 | D:10     | Killed Erica
 10592 | D:10     | Found a burning altar of Makhleb.
 10617 | D:10     | Became a worshipper of Makhleb the Destroyer
 10905 | Lair:1   | Entered Level 1 of the Lair of Beasts
 11019 | Lair:1   | Found a runed translucent door.
 11019 | Lair:1   | Found a shimmering altar of Xom.
 11019 | Lair:1   | Noticed avangion's ghost (journeyman CoHu)
 11021 | Lair:1   | Noticed a +2 hand axe of chaos
 11161 | Lair:1   | Reached * piety under Makhleb
 11313 | Lair:1   | Found a dark tunnel.
 11322 | Volcano  | Entered a volcano
 11358 | Volcano  | Reached skill level 15 in Fighting
 11380 | Volcano  | Reached skill level 15 in Armour
 11802 | Volcano  | Noticed an orc sorcerer
 11806 | Volcano  | Reached XP level 12. HP: 105/121 MP: 11/11
 11813 | Volcano  | Found a burning altar of Makhleb.
 12074 | Volcano  | Found a radiant altar of Vehumet.
 13012 | Lair:2   | Reached skill level 1 in Invocations
 13148 | Lair:2   | Noticed Maggie
 13150 | Lair:2   | Noticed a seven-headed hydra
 13156 | Lair:2   | Killed Maggie
 13160 | Lair:2   | Killed a seven-headed hydra
 13217 | Lair:2   | Identified the +8 quarterstaff "Xurph" {freeze, rN+}
 13366 | Lair:2   | Noticed a four-headed hydra
 13378 | Lair:2   | Killed a four-headed hydra
 13431 | Lair:2   | Reached ** piety under Makhleb
 13746 | Lair:2   | Upgraded the game from 0.32-a0-928-g1cae6b7ea0 to
                  | 0.32-a0-931-g5a2cda0630
 14197 | Lair:3   | Reached skill level 5 in Invocations
 14216 | Lair:3   | Found a staircase to the Shoals.
 14244 | Lair:3   | Found a hole to the Spider Nest.
 14253 | Lair:3   | Reached XP level 13. HP: 80/130 MP: 15/15
 14617 | Lair:3   | Reached *** piety under Makhleb
 15264 | Lair:4   | Found a staircase to the Slime Pits.
 15265 | Lair:4   | Found a viscous altar of Jiyva.
 15871 | Lair:4   | Reached skill level 1 in Maces & Flails
 16048 | Lair:4   | Reached **** piety under Makhleb
 16089 | Lair:5   | Entered Level 5 of the Lair of Beasts
 16374 | Lair:5   | Reached skill level 5 in Maces & Flails
 16579 | Lair:5   | Reached XP level 14. HP: 141/141 MP: 18/18
 17188 | Lair:5   | Reached ***** piety under Makhleb
 17725 | Lair:5   | Found a corrupted altar of Lugonu.
 17725 | Lair:5   | Found a one-way gate to the infinite horrors of the Abyss.
 17744 | Lair:5   | Got Bolunlap's Notes on Attacks
 18494 | D:1      | Bought a scroll of enchant weapon for 82 gold pieces
 18545 | D:2      | Bought a ring of flight for 192 gold pieces
 18618 | D:4      | Bought a ring of see invisible for 195 gold pieces
 19048 | D:11     | Found a staircase to the Orcish Mines.
 19543 | D:12     | Reached skill level 10 in Axes
 19885 | D:12     | Reached skill level 10 in Maces & Flails
 19892 | D:12     | Identified the +7 broad axe of Guilt {spect, Will+ Stlth+}
 19927 | D:12     | Reached XP level 15. HP: 118/151 MP: 21/21
 20388 | D:13     | Reached ****** piety under Makhleb
 20629 | D:13     | You are sucked into a shaft and drop 2 floors!
 20629 | D:15     | Entered Level 15 of the Dungeon
 20888 | D:13     | Found a gate to the Vaults.
 21399 | D:13     | Noticed Kirke
 21405 | D:13     | Killed Kirke
 21406 | D:13     | Reached skill level 10 in Invocations
 21870 | D:14     | Found a sacrificial altar of Ru.
 22053 | D:14     | Found a hide-covered altar of Uskayaw.
 22469 | D:15     | Found a transporter.
 22470 | D:15     | Found a transporter.
 22472 | D:15     | Found a transporter.
 22472 | D:15     | Found a transporter.
 23203 | D:15     | Found a staircase to the Depths.
 23427 | Spider:1 | Entered Level 1 of the Spider Nest
 23495 | Spider:1 | Noticed Mlioglotl
 23497 | Spider:1 | Noticed a revenant
 23500 | Spider:1 | Noticed a Hell Sentinel
 23501 | Spider:1 | Killed Mlioglotl
 23763 | Spider:1 | Reached skill level 10 in Shields
 23845 | Spider:1 | Reached XP level 16. HP: 162/162 MP: 23/23
 24729 | Spider:2 | HP: 2/162 [spark wasp (14)]
 27732 | Shoals:1 | Entered Level 1 of the Shoals
 28236 | Shoals:1 | Reached XP level 17. HP: 171/171 MP: 25/25
 29460 | Shoals:2 | Found a runed translucent gate.
 29460 | Shoals:2 | Found a runed translucent gate.
 29460 | Shoals:2 | Found a runed translucent gate.
 29461 | Shoals:2 | Noticed Duttonia's ghost (journeyman MeWn)
 29461 | Shoals:2 | Noticed avangion's ghost (adept CoHu)
 29576 | Shoals:2 | Noticed Ilsuiw
 29612 | Shoals:2 | Noticed a kraken
 29616 | Shoals:2 | Killed Ilsuiw
 29815 | Shoals:2 | Killed a kraken
 30642 | Shoals:2 | Identified the +0 buckler of Whack-A-Mole {rElec Str+6}
 30906 | Shoals:3 | Noticed Polyphemus
 30931 | Shoals:3 | Killed Polyphemus
 31837 | Shoals:3 | Identified the +6 quarterstaff of Abomination {spect, rPois
                  | rCorr Dex+4 SInv}
 31960 | Shoals:4 | Entered Level 4 of the Shoals
 32289 | Shoals:4 | Identified the +4 hat of Modesty {rElec rPois rF- SInv}
 32390 | Shoals:4 | Reached skill level 15 in Axes
 32448 | Shoals:4 | Found the sphere of Battle
 32453 | Shoals:4 | Reached XP level 18. HP: 159/182 MP: 26/26
 32984 | Shoals:4 | Got a barnacled rune of Zot
 33325 | Spider:4 | Entered Level 4 of the Spider Nest
 33573 | Orc:1    | Entered Level 1 of the Orcish Mines
 33628 | Orc:2    | Entered Level 2 of the Orcish Mines
 33681 | Orc:2    | Found Mossout's Antique Weapon Boutique.
 33681 | Orc:2    | Found Pufatec's Antique Armour Emporium.
 33683 | Orc:2    | Found Ihuo's Jewellery Shoppe.
 33686 | Orc:2    | Found Luedoig's Antique Weapon Shop.
 33727 | Orc:2    | Found a frozen archway.
 33739 | IceCv    | Entered an ice cave
 34324 | Orc:2    | Found a staircase to the Elven Halls.
 34334 | Orc:2    | Found Ysismu's General Store.
 34537 | Orc:2    | Bought a ring of protection from fire for 275 gold pieces
 35206 | Orc:1    | Found a burning altar of Makhleb.
 35445 | Orc:1    | Found Jyazem's General Store.
 35458 | Orc:1    | Found a roughly hewn altar of Beogh.
 35608 | Orc:1    | Found a runed translucent door.
 36067 | Spider:4 | Noticed Arachne
 36454 | Spider:3 | Killed Arachne
 36956 | Spider:4 | Got a gossamer rune of Zot
 37350 | Vaults:1 | Entered Level 1 of the Vaults
 37474 | Vaults:1 | Reached XP level 19. HP: 162/191 MP: 28/28
 37499 | Vaults:1 | Reached skill level 15 in Shields
 38002 | Vaults:1 | Found a magical portal.
 38007 | WizLab   | Entered Eringya's Formal Garden
 38840 | WizLab   | Found a blossoming altar of Fedhas.
 40151 | Vaults:2 | Identified the serpent talisman of the Vaults {rC+ rCorr}
 40151 | Vaults:2 | Noticed Aizul
 40158 | Vaults:2 | Killed Aizul
 40828 | Vaults:2 | Reached skill level 15 in Invocations
 41200 | Vaults:2 | Reached XP level 20. HP: 142/202 MP: 30/30
 41211 | Vaults:2 | Reached XP level 21. HP: 155/211 MP: 31/31
 42720 | Vaults:3 | Found a staircase to the Crypt.
 42720 | Vaults:3 | Found an ancient bone altar of Kikubaaqudgha.
 42721 | Vaults:3 | Found a basalt altar of Yredelemnul.
 43316 | Vaults:4 | Found Deebin's Distillery.
 43555 | Vaults:4 | Noticed a golden dragon
 43559 | Vaults:4 | Killed a golden dragon
 44894 | Depths:1 | Entered Level 1 of the Depths
 45007 | Depths:1 | Reached XP level 22. HP: 207/222 MP: 33/33
 45080 | Depths:1 | Noticed a juggernaut
 45444 | Depths:1 | Noticed Sojobo
 45453 | Depths:1 | Killed Sojobo
 45545 | Depths:1 | Killed a juggernaut
 45723 | Depths:1 | Found a gateway to Hell.
 46041 | Depths:2 | Found a one-way gateway to a ziggurat.
 46367 | Depths:2 | Noticed a juggernaut
 46379 | Depths:2 | Killed a juggernaut
 47110 | Depths:2 | Found a one-way gate leading to the halls of Pandemonium.
 47463 | Depths:3 | Noticed Norris
 47473 | Depths:3 | Killed Norris
 47946 | Depths:3 | HP: 10/224 [ice dragon/blast of cold (22)]
 48405 | Depths:2 | Upgraded the game from 0.32-a0-931-g5a2cda0630 to
                  | 0.32-a0-933-ga8fa3634e4
 48918 | Depths:3 | Paralysed by a sphinx for 2 turns
 49045 | Depths:3 | Identified the ring "Najalih" {rPois rCorr AC+4 Dex+2}
 49675 | Depths:4 | Entered Level 4 of the Depths
 49724 | Depths:4 | Reached XP level 23. HP: 224/232 MP: 34/34
 49769 | Depths:4 | Found the +5 demon whip "Spellbinder" {antimagic, disrupt,
                  | Will+}
 50394 | Depths:4 | Found a glowing silver altar of Zin.
 50447 | Depths:4 | Found a portal to a secret trove of treasure.
 50520 | Depths:4 | Found a gate to the Realm of Zot.
 50985 | Crypt:1  | Entered Level 1 of the Crypt
 51941 | Crypt:2  | Identified the +5 leather armour "Ithoexum" {rCorr MP+9
                  | Dex+3}
 53774 | Crypt:3  | Entered Level 3 of the Crypt
 54595 | Crypt:3  | Noticed a dread lich
 54602 | Crypt:3  | Killed a dread lich
 54717 | Crypt:3  | Found a staircase to the Tomb.
 54728 | Crypt:3  | Noticed Frederick
 54732 | Crypt:3  | Noticed a dread lich
 54743 | Crypt:3  | HP: 5/230 [spellforged servitor[Frederick] (49)]
 55928 | Crypt:3  | Killed a dread lich
 55955 | Crypt:3  | Killed Frederick
 55956 | Crypt:3  | Reached XP level 24. HP: 223/243 MP: 35/35
 56015 | Crypt:3  | Found the +13 sword of the Doom Knight {doom -Cast ^Drain
                  | Will+}
 56051 | Crypt:3  | Identified the orb "Hupealel" {*channel, Air}
 56773 | Vaults:5 | Entered Level 5 of the Vaults
 56812 | Vaults:5 | Identified the +17 plate armour of Liberty {Dex+6}
 56813 | Vaults:5 | Identified the +5 chain mail "Uvonusoq" {rC- Regen+ Dex+3}
 56852 | Vaults:5 | Identified the +8 trident "Fola" {flame, rF+ rN+ Will-
                  | SInv}
 57063 | Vaults:5 | Identified the +5 flail "Giurutt" {drain, Will- rCorr
                  | Int+2}
 57149 | Vaults:5 | Identified the +2 robe of the Mind {^Drain Fly Archmagi}
 57149 | Vaults:5 | Noticed Boris
 57168 | Vaults:5 | Killed Boris
 57461 | Vaults:5 | Got a silver rune of Zot
 57768 | Vaults:5 | Noticed an ancient lich
 57779 | Vaults:5 | Killed an ancient lich
 57827 | Vaults:5 | Identified the +0 scale mail "Mojoefa" {*Corrode rF+ Int+5}
 57874 | Vaults:5 | Identified the +3 dagger of the Wizarding Penguin {venom,
                  | +Blink MP-9 Str+3}
 58180 | Zot:1    | Entered Level 1 of the Realm of Zot
 59121 | Zot:1    | Reached XP level 25. HP: 255/255 MP: 35/35
 59536 | Zot:1    | Noticed a Killer Klown
 59563 | Zot:1    | Killed a Killer Klown
 60212 | Zot:1    | Identified the ring of the Zebra {+Blink rN+ Int+6 SInv}
 60683 | D:4      | Bought the amulet "Hegiha" {Reflect Rampage Regen+ SH+5}
                  | for 481 gold pieces
 61254 | Zot:2    | Identified the ring of Tender Moments {Ice ^Contam Int+5}
 61254 | Zot:2    | Identified the death talisman of Hedupt {rC++ Dex-3 Slay+3
                  | Stlth+}
 61254 | Zot:2    | Noticed Josephina
 61264 | Zot:2    | Killed Josephina
 61287 | Zot:2    | Gained mutation: Your body sometimes deteriorates upon
                  | taking damage. [a shining eye]
 61498 | Zot:2    | Reached skill level 27 in Fighting
 61768 | Zot:2    | Reached skill level 1 in Dodging
 61806 | Zot:2    | Noticed Parghit
 61842 | Zot:2    | Killed Parghit
 61843 | Zot:2    | Reached skill level 27 in Armour
 62284 | Zot:2    | Reached XP level 26. HP: 258/266 MP: 36/36
 62920 | Zot:2    | Reached skill level 5 in Dodging
 63962 | Zot:3    | an alligator snapping turtle changed into a juggernaut
 63962 | Zot:3    | Noticed a juggernaut (glowing shapeshifter)
 63969 | Zot:3    | Killed a juggernaut
 64223 | Zot:4    | Noticed an orb of fire
 64227 | Zot:4    | Gained mutation: You are vulnerable to heat. (rF-) [an orb
                  | of fire]
 64239 | Zot:4    | Killed an orb of fire
 64536 | Zot:4    | Found a huge runed translucent gate.
 64536 | Zot:4    | Found a huge runed translucent gate.
 64536 | Zot:4    | Found a huge runed translucent gate.
 64537 | Zot:4    | Found a huge runed translucent gate.
 64538 | Zot:4    | Found a huge runed translucent gate.
 64538 | Zot:4    | Found a huge runed translucent gate.
 64538 | Zot:4    | Found a huge runed translucent gate.
 64538 | Zot:4    | Found a huge runed translucent gate.
 64538 | Zot:4    | Found a huge runed translucent gate.
 64540 | Zot:4    | Found a huge runed translucent gate.
 64541 | Zot:4    | Found a huge runed translucent gate.
 64541 | Zot:4    | Found a huge runed translucent gate.
 64541 | Zot:4    | Found a huge runed translucent gate.
 64542 | Zot:4    | Found a huge runed translucent gate.
 64543 | Zot:4    | Found a huge runed translucent gate.
 64544 | Zot:4    | Found a huge runed translucent gate.
 64545 | Zot:4    | Found a huge runed translucent gate.
 64545 | Zot:4    | Found a huge runed translucent gate.
 64545 | Zot:4    | Found a huge runed translucent gate.
 64565 | Zot:4    | Noticed an orb of fire
 64565 | Zot:4    | Noticed an ancient lich
 64565 | Zot:4    | Noticed an ancient lich
 64909 | Zot:4    | Killed an ancient lich
 64984 | Zot:4    | HP: 4/265 [red draconian scorcher/searing blast (52)]
 64989 | Zot:5    | Entered Level 5 of the Realm of Zot
 64997 | Zot:5    | HP: 12/266 [storm dragon/bolt of lightning (4)]
 65191 | Zot:5    | Found Keutol's Changing Room.
 65236 | Zot:4    | Gained mutation: You are weak. (Str -2) [an orb of fire]
 65243 | Zot:4    | HP: 9/266 [orb of fire/fireball (129)]
 65449 | Zot:4    | HP: 13/266 [orb of fire/bolt of fire (49)]
 65451 | Zot:5    | Killed from afar by an orb of fire

Illustrated notes

Levels and vault maps discovered:
D:1:      tarquinn_simple_flora_water_f, layout_loops_ring, serial_shops, shop,
          nicolae_shop_overgrown_old_shop, nicolae_shop_trees,
          nicolae_diamond_shop, shop_fountains
D:2:      layout_loops_ring, serial_shops, nicolae_shop_pleasant_corner_grove,
          basic_altar, uniq_natasha
D:3:      layout_loops_ring, xom_butterflies, nicolae_overflow_crystal_walls,
          uniq_terence
D:4:      layout_basic, nemelex_dance_club_becter,
          minmay_temple_entry_sparse_star, serial_shops, shop
D:5:      layout_loops_cross, mainiacjoe_overflow_tiny_flanked, serial_rivers,
          chequers_serial_rivers_micro_e, chequers_serial_rivers_large_b,
          chequers_serial_rivers_marsh, chequers_serial_rivers_small_3,
          chequers_serial_rivers_room_a, uniq_eustachio, uniq_duvessa
D:6:      layout_basic, chequers_temple_overflow_minitemple,
          nicolae_ossuary_entry_ruins
D:7:      layout_loops_cross, kennysheep_flooded_box,
          chequers_serial_rivers_micro_a
D:8:      layout_basic
D:9:      layout_cave_pools, okawaru_metal_pillars_1_2,
          nicolae_overflow_hidden_temple, minmay_misc_feat_columns,
          hangedman_decor_lopped, uniq_harold
D:10:     minmay_statue_hallways, layout_gridville,
          mainiacjoe_overflow_24_doors, mainiacjoe_overflow_brackets,
          dpeg_lair_monsters, uniq_erica
D:11:     layout_rooms, david_orc_4
D:12:     nzn_winding_woodlands_large [nzn_winding_woodlands_5x5_checkerboard,
          nzn_winding_woodlands_5x15_default, nzn_winding_woodlands_hourglass,
          nzn_winding_woodlands_center_triple_pond,
          nzn_winding_woodlands_15x15_thick_spiral,
          nzn_winding_woodlands_center_lodge,
          nzn_winding_woodlands_5x5_perimeter,
          nzn_winding_woodlands_5x15_jagged,
          nzn_winding_woodlands_5x5_open_star], layout_cave_pools
D:13:     layout_basic, erik_vaults_2, uniq_kirke
D:14:     layout_basic, nicolae_ru_sacrificial_ziggurat, grunt_decor_arrowhead,
          nicolae_uskayaw_suspiria
D:15:     grunt_enter_depths_snipers, layout_stronghold, minivault_24,
          nicolae_diode_quadrants
Temple:   nicolae_temple_ecumenical_triangle
Lair:1:   layout_cave_shapes, nicolae_volcano_entry_two_sided,
          ebering_ghost_xom, grunt_forest_small_clearing_treed,
          grunt_megastairs_4
Lair:2:   layout_regular_city, hangedman_lair_unloving_vines, uniq_maggie
Lair:3:   layout_regular_city, minmay_shoals_entry_centaurs,
          spider_nest_entry_funnel_web, lemuel_fruit_fields,
          infiniplex_staircase_pool_2
Lair:4:   layout_layer_cave, nicolae_slime_entry_slimehenge,
          kennysheep_basilisk_garden, lemuel_fruit_tree, serial_bayou_shore_a
Lair:5:   hellmonk_lair_end_abyssal_woods, layout_regular_city
Shoals:1: cheibrodos_shoals_three_sisters, layout_shoals,
          nicolae_shoals_pincushion_passage
Shoals:2: nicolae_shoals_deep_elves_summer_vacation, layout_shoals,
          gammafunk_ghost_cemetery, uniq_ilsuiw
Shoals:3: layout_shoals, uniq_polyphemus
Shoals:4: shoals_end_grunt_ice, layout_shoals
Spider:1: layout_spider_delve, uniq_mlioglotl
Spider:2: layout_spider_delve
Spider:3: layout_spider_delve
Spider:4: floodkiller_spider_rune_tomb, uniq_arachne
Orc:1:    dreamdust_dug_too_deep, layout_diamond_mine, basic_altar,
          serial_shops, nicolae_shop_hallway_plus, bloody_makhleb
Orc:2:    st_orc_rangers, layout_caves, portal_ice_cave_entry_pillars_2,
          serial_shops, shop
Vaults:1: infiniplex_enter_wizlab_spiral, nicolae_vaults_trapezoid_4,
          hangedman_vaults_locks, grunt_vaults_hallway_long,
          nicolae_vaults_six-pack, dpeg_vaults_monster_box,
          ontoclasm_vaults_ligature, layout_vaults_omnigrid
Vaults:2: ontoclasm_vaults_decontamination, grunt_vaults_twisty,
          nicolae_vaults_sightless_eye, nicolae_vaults_little_ls,
          nicolae_vaults_tetromino_T_2, nicolae_vaults_closet_pinwheel_4,
          nicolae_vaults_tetromino_L_1, nicolae_vaults_trapezoid_3,
          nicolae_vaults_door_testing_chamber, nicolae_vaults_alarming,
          layout_vaults_omnicross, uniq_aizul
Vaults:3: v_misc_29, hangedman_vaults_cutoff,
          nicolae_vaults_offset_grid_hallway_3, minmay_crypt_entry_necro_gods,
          nicolae_vaults_double_plus_1, v_misc_8, nicolae_vaults_network_s,
          nicolae_vaults_sesquioval_fish, vaults_room_guarded_vault,
          nicolae_vaults_ring_of_whatevers, hangedman_vaults_impose,
          layout_vaults_big_room
Vaults:4: ontoclasm_vaults_twist, vaults_room_door_ring,
          nicolae_vaults_rhombus_6, nicolae_vaults_surprise_closet_hard,
          nicolae_vaults_mini_display_case, vaults_standard_mumra_x,
          serial_ice_h, v_misc_18, v_misc_18, dpeg_vaults_monster_row,
          v_misc_27, ontoclasm_vaults_misaligned, layout_vaults_maze,
          serial_shops, shop
Vaults:5: uniq_boris
Crypt:1:  layout_regular_city, nicolae_crypt_deepening_niches
Crypt:2:  layout_gridlike, serial_corexii_hall, chequers_hall_statues_y,
          chequers_hall_statues_y, grunt_megastairs_3
Crypt:3:  quadcrypt_mu, uniq_frederick
Depths:1: layout_cross, minmay_misc_feat_plants, hell_entry,
          amcnicky_mini_pool_medium, grunt_megastairs_2, uniq_sojobo
Depths:2: cheibrodos_hall_of_evolution, layout_cave_pools, enter_ziggurat_f,
          chequers_serial_rivers_small_a, hell_entry, rand_demon_pan_entry_8
Depths:3: minmay_connected_boxes_in_corner, layout_twisted_cross,
          grunt_hell_entry_dis_mu, abyss_entry_small_statue_room,
          minmay_misc_feat_square, nicolae_benzene_ring, uniq_margery,
          uniq_norris
Depths:4: grunt_twist_and_shout, layout_cave_pools,
          chequers_hall_statues_corner_a, nicolae_trove_entry_crystal,
          hangedman_geh_valley, zin_angel, serial_bayou_shore_b
Zot:1:    cheibrodos_zot_enchanting_chambers, layout_gridlike
Zot:2:    lemuel_halls_of_wrath, layout_basic, uniq_parghit, uniq_josephina
Zot:3:    layout_gridlike, regret_index_zotdec_golden_two_three,
          hellmonk_formless_pools, lemuel_elevator
Zot:4:    layout_onion, door_vault
Zot:5:    layout_misc_corridors, nicolae_transmutations_shop

Skill      XL: |  1  2  3  4  5  6  7  8  9 10 11 12 13 14 15 16 17 18 19 20 21 22 23 24 25 26 |
---------------+-------------------------------------------------------------------------------+-----
Fighting       | 4 5 6 8 10 12 15 16 17 18 19 20 21 22 23 24 25 26 27 | 27.0
Shields        | 4 5 6 8 10 11 13 14 16 17 19 20 21 22 23 | 23.5
Armour         | 4 5 6 7 10 12 15 16 17 18 19 20 21 22 23 24 25 26 27 | 27.0
Axes           | 3 4 5 6 7 8 10 12 13 15 16 17 18 20 21 22 23 24 | 24.3
Invocations    | 5 7 9 10 12 13 14 15 16 17 18 19 20 21 | 21.1
Maces & Flails | 5 10 11 | 11.3
Dodging        | 4 8 |  8.5

Action                     |  1- 3 |  4- 6 |  7- 9 | 10-12 | 13-15 | 16-18 | 19-21 | 22-24 | 25-27 || total
---------------------------+-------+-------+-------+-------+-------+-------+-------+-------+-------++-------
  Melee: War axe           |    52 |   124 |   173 |    64 |    95 |       |       |       |       ||   508
         Headbutt          |     7 |    15 |    47 |   112 |   230 |   246 |   201 |   423 |   290 ||  1571
         Dire flail        |       |       |    96 |   379 |   603 |       |       |       |       ||  1078
         Broad axe         |       |       |       |       |   240 |  1025 |   624 |  1244 |   798 ||  3931
  Throw: Throwing net      |       |       |       |       |       |       |       |       |     2 ||     2
 Invoke: Lesser Servant of |       |       |       |       |     5 |     1 |       |       |       ||     6
         Major Destruction |       |       |       |       |       |     4 |     4 |     8 |     4 ||    20
         Greater Servant o |       |       |       |       |       |       |     2 |     5 |     4 ||    11
         Minor Destruction |       |       |       |       |       |       |     1 |       |       ||     1
    Use: Scroll            |       |     3 |    10 |     9 |     7 |     4 |     3 |    11 |     7 ||    54
         Potion            |       |       |     3 |     4 |     4 |    11 |     2 |    15 |    11 ||    50
   Stab: Petrified         |       |       |       |       |     8 |       |       |       |       ||     8
         Petrifying        |       |       |       |       |     3 |       |       |       |       ||     3
         Distracted        |       |       |       |       |     4 |    13 |    19 |    25 |    24 ||    85
 Armour: Scale mail        |    35 |   115 |   203 |       |       |       |       |       |       ||   353
         Plate armour      |       |       |    21 |   600 |  1049 |   779 |   397 |   772 |   741 ||  4359
  Dodge: Dodged            |    24 |    54 |   110 |   405 |   567 |   416 |   180 |   235 |   198 ||  2189
  Block: Buckler           |    10 |    14 |    49 |       |       |   280 |   277 |   553 |   378 ||  1561
         Other             |       |       |    13 |   141 |   171 |       |       |       |       ||   325
         Reflection        |       |       |       |     2 |     7 |   102 |    72 |    23 |    17 ||   223
         Kite shield       |       |       |       |       |   152 |   401 |       |       |       ||   553

Table legend: (Time is in decaauts)
 A = Elapsed time spent in this place.
 B = Non-inter-level travel time spent in this place.
 C = Inter-level travel time spent in this place.
 D = Time resting spent in this place.
 E = Time spent auto-exploring this place.
 F = Levels seen in this place.
 G = Mean time per level.
                   A        B        C        D        E       F      G
               +--------+--------+--------+--------+--------+-----+--------+
         Total |  64818 |  48237 |  16581 |  11830 |  24391 |  52 | 1246.5 |
       Dungeon |  17108 |  12582 |   4526 |   1401 |   8544 |  15 | 1140.5 |
        Temple |    137 |    137 |      0 |    136 |      0 |   1 |  137.0 |
          Lair |   6404 |   5077 |   1327 |    939 |   2633 |   5 | 1280.8 |
        Shoals |   5380 |   3944 |   1436 |   1394 |   1505 |   4 | 1345.0 |
   Spider Nest |   5756 |   4034 |   1722 |   1066 |   2102 |   4 | 1439.0 |
  Orcish Mines |   1675 |   1309 |    366 |      0 |   1088 |   2 |  837.5 |
        Vaults |   7527 |   4463 |   3064 |    974 |   2041 |   5 | 1505.4 |
         Crypt |   5566 |   4618 |    948 |   1877 |   1939 |   3 | 1855.3 |
        Depths |   5858 |   4199 |   1659 |   1485 |   1790 |   4 | 1464.5 |
           Zot |   6469 |   4940 |   1529 |   1504 |   2012 |   5 | 1293.8 |
       Ossuary |    252 |    252 |      0 |      0 |      0 |   1 |  252.0 |
      Ice Cave |    519 |    519 |      0 |      0 |    167 |   1 |  519.0 |
       Volcano |   1034 |   1034 |      0 |    777 |      0 |   1 | 1034.0 |
        Wizlab |   1126 |   1126 |      0 |    276 |    568 |   1 | 1126.0 |
               +--------+--------+--------+--------+--------+-----+--------+

Top non-repeatable levels by time:
 Crypt:3: 2778 daAuts
   Zot:1: 2184 daAuts
Depths:3: 2152 daAuts
Vaults:2: 2008 daAuts
Spider:3: 1907 daAuts
   Zot:2: 1819 daAuts
     D:6: 1806 daAuts
Shoals:2: 1780 daAuts
Depths:2: 1734 daAuts
Spider:1: 1654 daAuts
     D:5: 1627 daAuts
  Lair:5: 1624 daAuts
 Crypt:2: 1620 daAuts
Spider:2: 1578 daAuts
   Zot:3: 1570 daAuts
